 Dungeon Crawl Stone Soup version 0.28-a0-706-gf6f64a616a (webtiles) character file.

Game seed: 8111208315426031899

1011 KoroneIsBestGirl the Chiller (level 8, -5/52 HPs)
             Began as a Barachi Ice Elementalist on Oct 24, 2021.
             Killed by divine providence
             ... invoked by an orc priest
              (11 damage)
             ... on level 6 of the Dungeon.
             The game lasted 00:07:34 (7788 turns).

KoroneIsBestGirl the Chiller (BaIE)                 Turns: 7788, Time: 00:07:35

Health: -5/52      AC:  2    Str: 11    XL:     8   Next: 21%
Magic:  9/15       EV: 13    Int: 17    God:
Gold:   217        SH:  0    Dex: 12    Spells: 8/16 levels left

rFire   . . .      SeeInvis .   f - +2 dagger (speed)
rCold   . . .      Faith    .   (no shield)
rNeg    + . .      Spirit   .   a - +0 robe
rPois   .          Reflect  .   (no helmet)
rElec   .          Harm     .   (no cloak)
rCorr   .          Rampage  .   (no gloves)
Will    .....                   (no boots)
Stlth   ++........              (no amulet)
HPRegen 0.17/turn               m - ring of positive energy
MPRegen 0.14/turn               (no ring)

@: unable to hop, slow
A: amphibious, slowness 1, strong legs 1, +LOS
a: Hop


You were on level 6 of the Dungeon.
You visited 1 branch of the dungeon, and saw 6 of its levels.
You also visited: Sewer.

You collected 217 gold pieces.

Inventory:

Hand Weapons
 b - a +0 spear
 f - a +2 dagger of speed (weapon)
Armour
 a - a +0 robe (worn)
 l - a +0 kite shield
Jewellery
 m - a ring of positive energy (left hand)
Wands
 v - a wand of digging (7)
Scrolls
 c - 3 scrolls of teleportation
 d - a scroll of torment
 h - a scroll of immolation
 i - 2 scrolls of amnesia
 k - a scroll of fear
 t - 3 scrolls of enchant weapon
Potions
 e - a potion of experience {unknown}
 g - 3 potions of invisibility {unknown}
 j - a potion of magic {unknown}
 n - a potion of might {unknown}
 o - a potion of heal wounds {unknown}
 p - 2 potions of degeneration {unknown}
 q - a potion of curing {unknown}
 r - a potion of lignification {unknown}
 s - 4 potions of cancellation {unknown}
 u - a potion of attraction {unknown}
 w - 2 potions of resistance {unknown}
 x - a potion of brilliance {unknown}


   Skills:
 - Level 3.0 Short Blades
 + Level 5.4 Dodging
 - Level 1.7 Stealth
 * Level 3.7 Shields
 + Level 4.8 Spellcasting
 + Level 1.3 Conjurations
 + Level 7.2 Ice Magic


You had 8 spell levels left.
You knew the following spells:

 Your Spells              Type           Power      Damage    Failure   Level
a - Freeze                Ice            100%       1d11      1%          1
b - Frozen Ramparts       Ice            56%        1d7       2%          3
c - Hailstorm             Conj/Ice       18%        3d6       24%         4

Your spell library contained the following spells:

 Spells                   Type           Power      Damage    Failure   Level
 Ozocubu's Armour         Ice            28%        N/A       2%          3
 Animate Skeleton         Necr           8%         N/A       14%         1
 Apportation              Tloc           8%         N/A       14%         1
 Summon Small Mammal      Summ           16%        N/A       14%         1


Dungeon Overview and Level Annotations

Branches:
Dungeon (6/15)              Sewer (visited)
 Temple: D:4-7

Altars:
Kikubaaqudgha
Makhleb
Ru

Shops:
D:5 [*


Innate Abilities, Weirdness & Mutations

You are amphibious.
You cover ground slowly.
You can hop short distances.
You have an extended range of vision and can be seen from far away.


Message History

Aiming: Freeze (safe; 1% risk of failure)
Press: ? - help, Shift-Dir - straight line, f/p - orc warrior
Aim: an orc warrior, wielding a +0 battleaxe and wearing a +0 chain mail (severely wounded)
You freeze the orc warrior!
The orc warrior is almost dead.
The wall freezes the scorpion!
The scorpion stings you.
The wall freezes the orc warrior!
You kill the orc warrior!
The wall freezes the steam dragon.
Your Conjurations skill increases to level 1!
Unknown command.
Casting: Freeze (safe; 1% risk of failure)
Confirm with . or Enter, or press ? or * to list all spells.
Aiming: Freeze (safe; 1% risk of failure)
Press: ? - help, Shift-Dir - straight line, f - steam dragon
Aim: a steam dragon (lightly wounded)
You freeze the steam dragon.
The steam dragon is moderately wounded.
The wall freezes the scorpion.
The scorpion stings you.
* * * LOW HITPOINT WARNING * * *
The orc hits you with a +0 club.
* * * LOW HITPOINT WARNING * * *
The wall freezes the steam dragon!
The steam dragon bites you!
* * * LOW HITPOINT WARNING * * *
The steam dragon closely misses you.
The wall freezes the scorpion.
You kill the scorpion!
Okay, then.
Your frozen ramparts will break if you move.
Continue? [Y]es or [N]o only, please.
Your frozen ramparts will break if you move.
Continue? [Y]es or [N]o only, please.
Your frozen ramparts will break if you move.
Continue?
Hop to where?
Press: ? - help, Dir - move target, p - steam dragon Your frozen ramparts will break if you move.
Continue?
The frozen ramparts melt away as you move.
Boing!
The orc priest calls down the wrath of Beogh upon you.
Beogh smites you!
You die...

#.....# ..>....# #.....###
.......# .......# 8...8..#
###.....# )......#
#.......# ..8...#
######.#.....# ......#
#............# ).....#
#......##....##)o....#
#......+..>@..D).....#
#......#......o..$...#
######......#.####.(......#
#...........#.# #..(...###
#...........#.# .........
#.'##'.###.<#.# #.......###
..#≈≈#..##.##.###.........
.##÷≈##..#.##..............
.#≈≈≈≈#..[..............##.


You could see a steam dragon, an orc priest and an orc.

Vanquished Creatures
  Menkaure (D:4)
  2 orc warriors (D:6)
  An ogre (D:5)
  A phantom (D:4)
  3 scorpions
  A centaur skeleton (D:5)
  A hound (D:4)
  A bullfrog skeleton (D:5)
  Jessica (D:2)
  Terence (D:2)
  2 iguanas
  A hound skeleton (D:5)
  7 adders
  An adder skeleton (D:4)
  4 worms
  A dart slug (D:3)
  7 orcs
  4 endoplasms
  4 giant cockroaches
  3 goblins
  5 hobgoblins
  13 jackals
  12 kobolds
  6 quokkas
  6 ball pythons
  7 bats
  10 frilled lizards
  7 rats
113 creatures vanquished.

Vanquished Creatures (others)
  11 plants (Sewer)
11 creatures vanquished.

Grand Total: 124 creatures vanquished

Notes
Turn   | Place    | Note
-------+----------+-------------------------------------------
     0 | D:1      | KoroneIsBestGirl the Barachi Ice Elementalist began the
                  | quest for the Orb.
     0 | D:1      | Reached XP level 1. HP: 13/13 MP: 3/3
   312 | D:1      | Reached skill level 5 in Ice Magic
   312 | D:1      | Reached XP level 2. HP: 18/19 MP: 3/5
  1447 | D:2      | Noticed Jessica
  1456 | D:2      | Killed Jessica
  1457 | D:2      | Reached XP level 3. HP: 20/24 MP: 2/7
  1883 | D:2      | Reached skill level 1 in Short Blades
  2014 | D:2      | Reached XP level 4. HP: 27/30 MP: 4/8
  2266 | D:2      | Learned a level 3 spell: Frozen Ramparts
  2591 | D:2      | Noticed Terence
  2598 | D:2      | Killed Terence
  2599 | D:2      | Reached XP level 5. HP: 33/35 MP: 3/9
  4117 | D:4      | Identified the +4 flail "Dacalucza" {drain, rF+ Int+4}
  4228 | D:4      | Noticed Menkaure
  4252 | D:4      | Reached skill level 6 in Ice Magic
  4252 | D:4      | Reached XP level 6. HP: 36/41 MP: 7/11
  4265 | D:4      | Found an ancient bone altar of Kikubaaqudgha.
  4398 | D:5      | Entered Level 5 of the Dungeon
  4881 | D:4      | Killed Menkaure
  5320 | D:4      | Found a burning altar of Makhleb.
  5320 | D:4      | Found a sacrificial altar of Ru.
  5344 | D:4      | Reached XP level 7. HP: 36/46 MP: 13/13
  5734 | D:5      | Reached skill level 1 in Shields
  5823 | D:5      | Found Pasewesu's Antique Armour Emporium.
  6226 | D:5      | Found Hitysah's General Store.
  6237 | D:5      | Reached skill level 5 in Dodging
  6650 | D:5      | Learned a level 4 spell: Hailstorm
  6994 | D:6      | Reached skill level 7 in Ice Magic
  7118 | D:6      | Found a glowing drain.
  7122 | Sewer    | Entered a sewer
  7232 | Sewer    | Reached XP level 8. HP: 52/52 MP: 11/15
  7786 | D:6      | Reached skill level 1 in Conjurations
  7788 | D:6      | Killed from afar by an orc priest

Illustrated notes

Levels and vault maps discovered:
D:1:      dpeg_arrival_round_c, layout_loops_ring
D:2:      layout_loops_corners, hangedman_glass_teeth, lemuel_old_faithful,
          uniq_jessica, uniq_terence
D:3:      layout_basic
D:4:      layout_basic, gammafunk_temple_overflow_elements,
          kennysheep_little_box, uniq_menkaure
D:5:      layout_basic, serial_shops, nicolae_shop_trees,
          kennysheep_small_square
D:6:      layout_basic, nicolae_yredelemnul_ghost_church, gup_sewer_entry_bowl,
          grunt_ministairs_2, uniq_blork_the_orc

Skill      XL: |  1  2  3  4  5  6  7  8 |
---------------+-------------------------+-----
Ice Magic      | 5 6 7 |  7.2
Dodging        | 3 4 5 |  5.4
Short Blades   | 1 2 3 |  3.0
Spellcasting   | 3 4 |  4.8
Shields        | 3 |  3.7
Conjurations   | 1 |  1.3
Stealth        | |  1.7

Action                   |  1- 3 |  4- 6 |  7- 9 || total
-------------------------+-------+-------+-------++-------
Melee: Spear             |    28 |       |       ||    28
       Dagger            |     6 |    26 |   114 ||   146
 Cast: Freeze            |    28 |    68 |    48 ||   144
       Frozen Ramparts   |       |     5 |     7 ||    12
 Abil: Hop               |     1 |     2 |     3 ||     6
  Use: Scroll            |       |       |     6 ||     6
 Stab: Sleeping          |     4 |     3 |       ||     7
Armor: Robe              |     4 |     8 |    13 ||    25
Dodge: Dodged            |    17 |    50 |    64 ||   131

Table legend: (Time is in decaauts)
 A = Elapsed time spent in this place.
 B = Non-inter-level travel time spent in this place.
 C = Inter-level travel time spent in this place.
 D = Time resting spent in this place.
 E = Time spent auto-exploring this place.
 F = Levels seen in this place.
 G = Mean time per level.
                   A        B        C        D        E       F      G
               +--------+--------+--------+--------+--------+-----+--------+
         Total |   8559 |   8033 |    526 |    831 |   6326 |   7 | 1222.7 |
       Dungeon |   7897 |   7371 |    526 |    831 |   5829 |   6 | 1316.2 |
         Sewer |    662 |    662 |      0 |      0 |    497 |   1 |  662.0 |
               +--------+--------+--------+--------+--------+-----+--------+

Top non-repeatable levels by time:
     D:5: 1973 daAuts
     D:2: 1661 daAuts
     D:1: 1562 daAuts
     D:3: 1250 daAuts
     D:4: 1243 daAuts
   Sewer: 662 daAuts
     D:6: 206 daAuts
